 Dungeon Crawl Stone Soup version 0.19-a0-994-g3c636f0 (webtiles) character file.

9296 Elitist the Carver (level 11, -4/61 HPs)
             Began as a Deep Elf Skald on July 17, 2016.
             Was a High Priest of Okawaru.
             Slain by a hill giant
             ... wielding a +0 giant spiked club
              (25 damage)
             ... on level 9 of the Dungeon.
             The game lasted 00:51:48 (14189 turns).

Elitist the Carver (Deep Elf Skald)                Turns: 14189, Time: 00:51:48

Health: -4/61      AC:  5    Str: 15    XL:     11   Next: 21%
Magic:  16/20      EV: 18    Int: 18    God:    Okawaru [*****.]
Gold:   544        SH:  0    Dex: 15    Spells: 5 memorised, 9 levels left

rFire  . . .     SeeInvis +     D - +7 long sword "Ypet Iwe" {distort, Str+4}
rCold  . . .     Gourm    .     b - +1 leather armour
rNeg   . . .     Faith    .     (no shield)
rPois  .         Spirit   .     (no helmet)
rElec  .         Dismiss  .     q - +0 cloak
rCorr  .         Reflect  .     (no gloves)
SustAt .         Harm     .     (no boots)
MR     +....                    (no amulet)
Stlth  +.........               h - ring of see invisible
                                e - ring of wizardry

@: shrouded, regenerating, somewhat resistant to hostile enchantments, very
unstealthy
A: no striking features
a: Heroism, Finesse, Renounce Religion


You were on level 9 of the Dungeon.
You worshipped Okawaru.
Okawaru was extremely pleased with you.
You were not hungry.

You visited 3 branches of the dungeon, and saw 12 of its levels.
You also visited: Sewer.

You collected 544 gold pieces.

Inventory:

Hand Weapons
 D - the +7 long sword "Ypet Iwe" (weapon) {distort, Str+4}
   (You found it on level 6 of the Dungeon)

   It warps and distorts space around it.
   Unwielding it can cause banishment or high damage.
   It affects your strength (+4).
Missiles
 p - 15 tomahawks (quivered)
Armour
 b - a +1 leather armour (worn)
 i - a +0 helmet
 q - a +0 cloak (worn)
 r - a +0 pair of gloves
Jewellery
 a - an uncursed ring of positive energy {unknown}
 e - a ring of wizardry (left hand)
 h - a ring of see invisible (right hand)
 A - an uncursed ring of magical power
 H - a cursed ring of teleportation {unknown}
Wands
 c - a wand of slowing (25/48)
 J - a wand of acid (9/15)
Scrolls
 g - 4 scrolls of identify
 m - a scroll of enchant armour
 s - 4 scrolls of teleportation
 x - 5 scrolls of remove curse
 y - 3 scrolls of magic mapping
Potions
 j - 3 potions of curing
 t - a potion of berserk rage
Books
 k - a book of Alchemy

   Spells                             Type                      Level
   a - Sublimation of Blood           Necromancy                   2
   b - Ignite Poison                  Fire/Transmutation/Poison    3
   c - Petrify                        Transmutation/Earth          4
   d - Alistair's Intoxication        Transmutation/Poison         5
   e - Irradiate                      Conjuration/Transmutation    5
Comestibles
 d - 5 bread rations
 f - 8 chunks of flesh
 n - a slice of pizza
 z - a meat ration
 K - 3 fruits
 L - a beef jerky
 M - 11 royal jellies


   Skills:
 - Level 4.0 Fighting
 * Level 10.2 Long Blades
 - Level 0.7 Armour
 * Level 9.6 Dodging
 - Level 5.1 Spellcasting
 - Level 4.8 Hexes
 + Level 8.2 Charms
 - Level 5.0 Necromancy
 - Level 2.5 Translocations
 - Level 6.0 Invocations


You had 9 spell levels left.
You knew the following spells:

 Your Spells              Type           Power        Failure   Level  Hunger
a - Infusion              Chrm           ####         1%          1    None
b - Shroud of Golubria    Chrm/Tloc      ###.......   1%          2    #......
c - Regeneration          Chrm/Necr      ####......   1%          3    ##.....
d - Song of Slaying       Chrm           ####....     1%          2    #......
e - Spectral Weapon       Hex/Chrm       ####....     1%          3    ##.....


Dungeon Overview and Level Annotations

Branches:
Dungeon (10/15)            Temple (1/1) D:4            Lair (1/6) D:9
    Orc: D:9-12

Altars:
Ashenzari
Cheibriados
Dithmenos
Elyvilon
Fedhas
Gozag
Hepliaklqana
Kikubaaqudgha
Makhleb
Nemelex Xobeh
Okawaru
Pakellas
Qazlal
Ru
Sif Muna
Trog
Uskayaw
Vehumet
Xom
Yredelemnul
Zin
The Shining One

Annotations:
D:4 cdice's ghost, amateur DsGl
Abyss:1 Pikel


Message History

The hill giant hits you with a giant spiked club!!
Ouch! That really hurt!
* * * LOW HITPOINT WARNING * * *
The killer bee misses you.
You riposte.
You slash the killer bee!
Space bends around the killer bee.
You kill the killer bee!
Okawaru accepts your kill.
You climb upwards.
There is a stone staircase leading down here.
There is a stone staircase leading up here.
Some of the chunks of flesh in your inventory have rotted away.
Casting: Spectral Weapon
Confirm with . or Enter, or press ? or * to list all spells.
Space distorts slightly along a thin shroud covering your body.
The hill giant misses you.
Casting: Shroud of Golubria
Confirm with . or Enter, or press ? or * to list all spells.
Your skin crawls.
The hill giant hits you with a giant spiked club!!
You die...

##..# #......<.#####..# #..# #
#..# #....>...# #..# #..# # #..#
#........# #..# #..# # #..#
#........# #..# #..# # #..#
#........# #..# #..# # #..#
#........# #..# #..# # #..#
#........# ###..###..# # #..#
#........###.........# #
#..###.........@C..###....######
#...<.........##..##.##.........
#.......####..##......#...######
#.#####.# #..##..##.##...# # #.#
#.# #..###..###....# # ##.# #.#
#..# #.........# # ...# #.# #..#
###..###..# # ...# #.#
#..#####..# #..# # ...# #.#
#.........# #..# #


You could see a hill giant.

Vanquished Creatures
  The ghost of moose the Destroyer, a novice DsVM of Vehumet (D:7)
  3 polar bears (D:9)
  The ghost of cdice the Ducker, an amateur DsGl of Yredelemnul (D:5)
  A two-headed ogre (D:9)
  Sigmund (D:2)
  20 yaks
  A water moccasin (D:6)
  Purgy (Sewer)
  2 hell hounds (D:9)
  A slave (D:8)
  4 orc warriors
  2 phantoms
  3 ice beasts
  A black bear (D:9)
  2 ogres
  3 wolves (D:9)
  4 centaurs
  3 big kobolds
  2 scorpions
  5 killer bees
  3 wights
  An electric eel (D:9)
  6 howler monkeys
  4 crimson imps
  6 hounds
  3 jellies
  6 orc priests
  Crazy Yiuf (D:5)
  A gnoll shaman (D:7)
  10 orc wizards
  An iguana (D:7)
  A worker ant (D:6)
  A hound zombie (D:6)
  2 hound skeletons (D:4)
  Robin (D:2)
  9 gnolls
  9 adders
  A hound simulacrum (D:9)
  A shadow imp (D:8)
  2 white imps (D:9)
  6 oozes
  2 adder skeletons
  3 worms
  2 dart slugs (D:1)
  An adder simulacrum (D:9)
  3 giant geckos
  35 orcs
  2 ball pythons (D:2)
  15 bats
  10 giant cockroaches
  15 goblins
  15 hobgoblins
  2 jackals (D:6)
  5 quokkas
  7 giant newts
  2 jackal zombies
  17 kobolds
  9 rats
281 creatures vanquished.

Vanquished Creatures (others)
  A yak (D:7)
  An orc warrior (D:9)
  An ice beast (D:9)
  A slave (D:7)
  A jelly (D:8)
  A centaur simulacrum (D:9)
  A hound skeleton (D:6)
  An ooze (D:8)
  An orc (D:8)
9 creatures vanquished.

Grand Total: 290 creatures vanquished

Notes
Turn   | Place    | Note
-------+----------+-------------------------------------------
     0 | D:1      | Elitist the Deep Elf Skald began the quest for the Orb.
     0 | D:1      | Reached XP level 1. HP: 12/12 MP: 6/6
   390 | D:1      | Reached skill level 2 in Long Blades
   390 | D:1      | Reached skill level 5 in Charms
   390 | D:1      | Reached XP level 2. HP: 11/17 MP: 4/8
   633 | D:1      | Learned a level 2 spell: Song of Slaying
   636 | D:1      | Learned a level 2 spell: Shroud of Golubria
   953 | D:1      | Reached XP level 3. HP: 15/21 MP: 3/9
  1023 | D:1      | Learned a level 3 spell: Regeneration
  1823 | D:2      | Found a faded altar of an unknown god.
  2371 | D:2      | Noticed Sigmund
  2390 | D:2      | Killed Sigmund
  2390 | D:2      | Reached skill level 1 in Translocations
  2390 | D:2      | Reached XP level 4. HP: 16/27 MP: 0/10
  2390 | D:2      | Reached XP level 5. HP: 18/31 MP: 0/11
  2514 | D:2      | Noticed Robin
  2541 | D:2      | Killed Robin
  3707 | D:3      | Reached XP level 6. HP: 36/36 MP: 6/12
  4735 | D:3      | Learned a level 3 spell: Spectral Weapon
  4887 | D:3      | Found a glowing silver altar of Zin.
  5175 | D:3      | Reached skill level 3 in Long Blades
  5377 | D:4      | Found a staircase to the Ecumenical Temple.
  5399 | Temple   | Entered the Ecumenical Temple
  5408 | Temple   | Became a worshipper of Warmaster Okawaru
  5484 | D:4      | Found a glowing drain.
  5493 | D:4      | Reached skill level 1 in Hexes
  5514 | Sewer    | Entered a sewer
  5545 | Sewer    | Noticed Purgy
  5558 | Sewer    | Killed Purgy
  5558 | Sewer    | Reached XP level 7. HP: 35/40 MP: 6/15
  5978 | D:4      | Noticed cdice's ghost (amateur DsGl)
  6628 | D:5      | Entered Level 5 of the Dungeon
  6950 | D:4      | Reached skill level 5 in Spellcasting
  7074 | D:5      | Found a runed door.
  7078 | D:5      | Noticed Crazy Yiuf
  7093 | D:5      | Killed Crazy Yiuf
  7093 | D:5      | Reached * piety under Okawaru
  7093 | D:5      | Reached skill level 4 in Long Blades
  7393 | D:5      | Reached XP level 8. HP: 43/47 MP: 14/17
  7408 | D:5      | Noticed cdice's ghost (amateur DsGl)
  7420 | D:5      | Killed cdice's ghost
  7420 | D:5      | Reached skill level 1 in Invocations
  8201 | D:6      | Got an encrusted long sword
  8202 | D:6      | Identified the +7 long sword "Ypet Iwe" {distort, Str+4} (You found it on level 6 of the Dungeon)
  8384 | D:6      | Reached skill level 5 in Long Blades
  8625 | D:6      | Reached ** piety under Okawaru
  8934 | D:6      | Reached skill level 6 in Long Blades
  9311 | D:7      | Reached XP level 9. HP: 40/52 MP: 11/18
  9404 | D:7      | Noticed moose's ghost (novice DsVM)
  9420 | D:6      | HP: 1/52 [yak (16)]
  9700 | D:7      | Reached *** piety under Okawaru
  9700 | D:7      | Reached skill level 7 in Long Blades
  9710 | D:7      | Reached skill level 5 in Dodging
  9761 | D:7      | Killed moose's ghost
  9761 | D:7      | Reached skill level 5 in Invocations
 10410 | D:7      | Reached skill level 8 in Long Blades
 10743 | D:8      | Reached XP level 10. HP: 55/56 MP: 15/19
 10922 | D:8      | Found an opulent altar of Gozag.
 11028 | D:8      | Found a radiant altar of Vehumet.
 11028 | D:8      | Found a sacrificial altar of Ru.
 11028 | D:8      | Found a shadowy altar of Dithmenos.
 11172 | D:8      | Noticed Pikel
 11267 | D:8      | Banished Pikel
 11877 | D:9      | Found a staircase to the Lair.
 11946 | Lair:1   | Entered Level 1 of the Lair of Beasts
 12027 | D:9      | Reached **** piety under Okawaru
 12027 | D:9      | Reached skill level 9 in Long Blades
 12073 | D:9      | Received a gift from Okawaru
 12810 | D:9      | Reached skill level 5 in Necromancy
 13016 | D:10     | Entered Level 10 of the Dungeon
 13180 | D:9      | Reached XP level 11. HP: 18/61 MP: 17/20
 13550 | D:10     | Noticed a hill giant
 13550 | D:10     | Reached skill level 10 in Long Blades
 14091 | D:10     | Reached ***** piety under Okawaru
 14092 | D:10     | HP: 1/61 [hill giant/giant spiked club (35)]
 14189 | D:9      | Slain by a hill giant

Vault maps used:
D:1:      elethiomel_arrival_shortcut, minmay_crystal_room
D:2:      ecumenical_altar_2, uniq_sigmund, uniq_robin
D:3:      zin_academy, fountainhead, minmay_misc_feat_nine_boxes,
          minmay_misc_feat_columns, kennysheep_small_spiral,
          nrook_mini_backslash
D:4:      portal_sewer_entry_d, first_bread
D:5:      uniq_crazy_yiuf_cottage
D:8:      nicolae_overflow_hidden_temple, hangedman_little_slice_of_home,
          nicolae_gozag_cash_rules_everything_around_me, uniq_pikel
D:9:      minmay_lair_entry_lava, serial_ice, serial_ice_j, serial_ice_n,
          serial_ice_b, serial_ice_d, serial_ice_e, serial_ice_c, serial_ice_f
D:10:     dk_yredelemnul_ordeal
Temple:   nicolae_temple_no_exploring_needed
Lair:1:   lemuel_fruit_fields
Sewer:    sewer_big_baddie

Skill      XL: |  1  2  3  4  5  6  7  8  9 10 11 |
---------------+----------------------------------+-----
Long Blades    | 2 3 4 6 8 9 10 | 10.2
Charms         | 5 6 7 8 |  8.2
Fighting       | 2 3 4 |  4.0
Necromancy     | 2 5 |  5.0
Translocations | 1 2 |  2.5
Hexes          | 1 3 4 |  4.8
Spellcasting   | 4 5 |  5.1
Invocations    | 3 5 6 |  6.0
Dodging        | 3 6 9 |  9.6
Armour         | |  0.7

Action                   |  1- 3 |  4- 6 |  7- 9 | 10-12 || total
-------------------------+-------+-------+-------+-------++-------
Melee: Falchion          |   112 |   304 |   272 |       ||   688
       Long sword        |       |       |   176 |   284 ||   460
       Punch             |       |       |       |     3 ||     3
Throw: Tomahawk          |       |       |     6 |     2 ||     8
 Cast: Infusion          |    16 |     2 |       |     1 ||    19
       Shroud of Golubri |    10 |    18 |    29 |    20 ||    77
       Regeneration      |     6 |    15 |    25 |    23 ||    69
       Song of Slaying   |       |     4 |     3 |     3 ||    10
       Spectral Weapon   |       |     1 |    13 |     9 ||    23
Invok: Heroism           |       |       |     3 |     3 ||     6
 Abil: Stop Singing      |       |     2 |     1 |     2 ||     5
  Use: Scroll            |     4 |     1 |     4 |     7 ||    16
       Potion            |     2 |       |     1 |     4 ||     7
 Stab: Distracted        |       |       |     3 |       ||     3
       Sleeping          |       |       |     1 |     1 ||     2
  Eat: Chunk             |     5 |    14 |    13 |    15 ||    47
       Bread ration      |       |       |     1 |       ||     1
       Royal jelly       |       |       |     1 |       ||     1
       Fruit             |       |       |     2 |       ||     2
Armor: Leather armour    |    25 |   100 |    77 |    24 ||   226
Dodge: Dodged            |    45 |   144 |   193 |   197 ||   579
